Description

This is ViBE's Macro Opener into Ling, Bane, Hydra. In the VOD the build order is shown starting at 33:05. It appears to be a solid way to open into a macro game versus Terran. You could take it anywhere you want after completing the opener. I had nothing to do in the creation of this, I simply uploaded this to Spawning Tool for StarCraft 2 Educational purposes. Here is a link to his stream on twitch: https://www.twitch.tv/vibelol

VOD

https://youtu.be/nhLrBqdjL5U

Replay - ViBE - Roach into Ling Bane Hydra macro example

Build Order

Get SALT Encoding   

  12  0:01  Drone  
  13  0:13  Overlord  
  13  0:20  Drone  
  14  0:32  Drone x2  
  16  0:40  Drone  
  17  0:53  Hatchery  
  16  0:59  Drone x2  
  18  1:13  Spawning Pool  
  18  1:18  Drone x2  
  19  1:37  Hatchery  
  18  1:40  Drone  
  21  2:06  Queen x2  
  25  2:08  Zergling x4  
  28  2:39  Overlord x2  
  28  2:51  Queen  
  28  2:55  Overlord  
  34  2:58  Queen x2  
  50  3:31  Overlord  
  52  3:44  Queen  
  55  3:48  Extractor x2  
  55  3:54  Queen  
  60  3:59  Queen  
  68  4:17  Roach Warren  
  69  4:34  Lair  
  73  4:48  Queen x2  
  77  4:57  Roach x6  
  87  5:06  Roach x2  
  93  5:17  Extractor x4, Evolution Chamber x2  
  104  5:58  Zerg Melee Weapons Level 1, Zerg Ground Armor Level 1  
  104  6:01  Baneling Nest  
  106  6:06  Hatchery  
  106  6:07  Hydralisk Den  
  104  6:15  Hatchery  
  103  6:24  Metabolic Boost  
  103  6:29  Zergling x16  
  113  6:39  Grooved Spines  
  118  7:04  Hydralisk x2  
  122  7:09  Hydralisk x4  
  132  7:26  Hydralisk x4  
  140  7:31  Centrifical Hooks  
  140  7:34  Infestation Pit  
  139  7:37  Baneling x10  
  146  7:50  Muscular Augments  
  150  7:58  Zerg Ground Armor Level 2  
  150  7:59  Zerg Melee Weapons Level 2  
  181  9:02  Hive  
  153  9:18  Extractor x2  
  145  9:26  Spine Crawler  
  145  9:27  Hatchery  
Spawning Tool Build Advisor. Get it on Overwolf

Go to:

Details

  • Created by: Sieget04
  • Published on: Aug 29, 2019
  • Modified on: Aug 29, 2019
  • Patch: 4.7.1
Show
View Real Time Build Order
Export as new Build Order

Comments (0)

There are no comments. Be the first!

Create an account to comment!